 Dungeon Crawl Stone Soup version 0.28-a0-589-g333b8329f1 (webtiles) character file.

Game seed: 4776958854504630142

135 blank1 the Ducker (level 5, -1/40 HPs)
             Began as a Djinni Gladiator on Oct 4, 2021.
             Slain by an orc (7 damage)
             ... on level 4 of the Dungeon.
             The game lasted 00:07:04 (3167 turns).

blank1 the Ducker (Djinni Gladiator)                Turns: 3167, Time: 00:07:04

Health: -1/40      AC:  4    Str: 13    XL:     5   Next: 42%
Gold:   138        EV: 13    Int: 10    God:
                   SH:  0    Dex: 15

rFire   + + .      SeeInvis .   a - +0 long sword (freeze)
rCold   x . .      Faith    .   (no shield)
rNeg    . . .      Spirit   .   b - +0 leather armour
rPois   ∞          Reflect  .   c - +0 helmet
rElec   .          Harm     .   (no cloak)
rCorr   .          Rampage  .   (no gloves)
Will    .....                   (boots unavailable)
Stlth   +.........              j - amulet of the acrobat
HPRegen 0.13/turn               (no ring)
MPRegen 0.00/turn               (no ring)

@: flying
A: sickness immunity, fire resistance 2, cold vulnerability 1, float, innate
caster, hp casting, extra vitality 1
a: no special abilities


You were on level 4 of the Dungeon.
You visited 1 branch of the dungeon, and saw 4 of its levels.

You collected 138 gold pieces.

Inventory:

Hand Weapons
 a - a +0 long sword of freezing (weapon)
Missiles
 d - 3 throwing nets (quivered)
Armour
 b - a +0 leather armour (worn)
 c - a +0 helmet (worn)
Jewellery
 f - an amulet of faith
 j - an amulet of the acrobat (around neck)
Scrolls
 e - a scroll of magic mapping
 i - 2 scrolls of teleportation {unknown}
 k - a scroll of enchant weapon {unknown}
 l - a scroll of enchant armour {unknown}
 n - a scroll of noise {unknown}
Potions
 h - a potion of heal wounds {unknown}
 m - a potion of haste {unknown}
 o - a potion of curing {unknown}


   Skills:
 + Level 3.2 Fighting
 - Level 3.0 Long Blades
 - Level 1.5 Throwing
 + Level 0.9 Armour
 - Level 4.0 Dodging
 - Level 2.0 Spellcasting


You had 5 spell levels left.
You knew the following spells:

 Your Spells              Type           Power      Damage    Failure   Level
a - Shock                 Conj/Air       20%        1d4       17%         1
b - Wereblood             Tmut           5%         N/A       26%         2
Your spell library was empty.

Dungeon Overview and Level Annotations

Branches:
Dungeon (4/15)
 Temple: D:4-7

Altars:

Portals:
Ossuary: D:4


Innate Abilities, Weirdness & Mutations

You are immune to sickness and miasma.
You are immune to poison.
Your flesh is very heat resistant. (rF++)
You are vulnerable to cold. (rC-)
You float through the air rather than walking.
You learn spells naturally, not from books.
Your magical power is your life essence.
You have superior vitality. (+4 HP)


Message History

Found a bubbling dark potion.
The orc shouts!
Found a brown potion.
The orc completely misses you. x2
The orc priest hits you with a +0 mace.
You hit the orc priest but do no damage.
The orc completely misses you. The orc hits you with a +0 mace.
The orc priest barely misses you. The orc misses you.
The orc hits you with a +0 flail.
You slash the orc priest! You freeze the orc priest.
The orc priest is severely wounded.
The orc priest hits you but does no damage.
The orc barely misses you. The orc closely misses you.
The orc priest calls down the wrath of Beogh upon you.
Beogh smites you!
You completely miss the orc priest.
The orc priest is severely wounded.
The orc closely misses you. The orc hits you with a +0 mace.
The orc priest hits you with a +0 mace.
You slash the orc priest! You freeze the orc priest.
You kill the orc priest!
The orc hits you with a +0 flail.
* * * LOW HITPOINT WARNING * * *
The orc hits you with a +0 mace.
* * * LOW HITPOINT WARNING * * *
Training target 2.0 for Spellcasting reached!
Your Spellcasting skill increases to level 2!
You need to enable at least one skill for training.
The orc hits you but does no damage. x2
Casting: Wereblood (dangerous; 26% risk of failure)
Confirm with . or Enter, or press ? or * to list all spells.
Aiming: Shock (safe; 17% risk of failure)
Press: ? - help, Shift-Dir - straight line, f - orc
Aim: an orc, wielding a +0 flail and quivering silver boomerangs (64% to hit)
The zap hits the orc.
The orc is lightly wounded.
The zap hits the orc.
The orc is heavily wounded.
* * * LOW HITPOINT WARNING * * *
The orc hits you with a +0 mace!
You die...

,** *,,,,,,,* *,,* *,,**,,,,
,*****,*****.* *,,*###*,,***,*,
,,,,,,,* *.## *,,,...,,,* ***,
+******* *..# ****#.#**** ** ,,**
*#.# #.# ## ,,,** ##*#.# #.###
##. ,,,,** ###.##.# #.#.## ##..
,,,,,*##......########....####...
,,,,,+.......o.o@............'...
,,,,,*#...∩...########....####...
,,,,**##....).# #.#.## ##.. ,,,**
#......# **#.###** ##. ,,**
###.##.# *,...,,,* #.. +** #.,.!#
*.#.#**,* #.# ,******* #**.##
#.#.# *,***#.# ,,,,,,,* *.*
*,#.#**,*,,... ,,****,****#!*
*,*,,**,*,##.#


You could see 2 orcs.

Vanquished Creatures
  An orc priest (D:4)
  3 adders
  A worm (D:3)
  2 dart slugs (D:1)
  7 orcs
  4 ball pythons
  5 endoplasms
  A giant cockroach (D:3)
  6 goblins
  4 hobgoblins
  6 jackals (D:1)
  3 quokkas
  3 bats (D:1)
  3 frilled lizards
  7 kobolds
  2 rats (D:3)
58 creatures vanquished.

Notes
Turn   | Place    | Note
-------+----------+-------------------------------------------
     0 | D:1      | blank1 the Djinni Gladiator began the quest for the Orb.
     0 | D:1      | Reached XP level 1. HP: 18/18 MP: 0/0
   129 | D:1      | Reached XP level 2. HP: 13/23 MP: 0/0
   459 | D:1      | Reached XP level 3. HP: 22/29 MP: 0/0
   459 | D:1      | Learned a level 1 spell: Shock
  1129 | D:1      | Found a faded altar of an unknown god.
  1356 | D:2      | Reached skill level 1 in Spellcasting
  1654 | D:2      | Reached XP level 4. HP: 31/34 MP: 0/0
  1725 | D:2      | Reached skill level 4 in Dodging
  2675 | D:3      | Reached XP level 5. HP: 36/40 MP: 0/0
  2675 | D:3      | Learned a level 2 spell: Wereblood
  3155 | D:4      | Found a sand-covered staircase.
  3167 | D:4      | Slain by an orc

Illustrated notes

Levels and vault maps discovered:
D:1:      dpeg_arrival_court, layout_loops_ring,
          shapermc_ecumenical_altar_pompeii, minmay_pentomino_u2
D:2:      layout_rooms, serial_aquarium, aquarium_bridge_island_small
          [aquarium_subvault_small_open, aquarium_subvault_bridge,
          aquarium_subvault_balcony, aquarium_subvault_wall,
          aquarium_subvault_bridge], aquarium_bridge_straight
          [aquarium_subvault_bridge, aquarium_subvault_wall,
          aquarium_subvault_bridge, aquarium_subvault_wall],
          aquarium_window_fake, aquarium_window_fake, aquarium_view_2d,
          aquarium_balcony_3b, item_on_display_a
D:3:      layout_rooms, kennysheep_doodads, grunt_ministairs_15
D:4:      minmay_chambers_of_fours, layout_loops_corners, enter_ossuary_1,
          uniq_eustachio, uniq_edmund

Skill      XL: |  1  2  3  4  5 |
---------------+----------------+-----
Long Blades    | 3 |  3.0
Spellcasting   | 1 2 |  2.0
Dodging        | 4 |  4.0
Fighting       | 3 |  3.2
Throwing       | |  1.5
Armour         | |  0.9

Action                   |  1- 3 |  4- 6 || total
-------------------------+-------+-------++-------
Melee: Long sword        |    82 |    83 ||   165
 Cast: Shock             |     9 |     9 ||    18
       Wereblood         |       |     1 ||     1
  Use: Scroll            |       |     2 ||     2
 Stab: Sleeping          |       |     1 ||     1
Armor: Leather armour    |    26 |    29 ||    55
Dodge: Dodged            |    60 |    83 ||   143

Table legend: (Time is in decaauts)
 A = Elapsed time spent in this place.
 B = Non-inter-level travel time spent in this place.
 C = Inter-level travel time spent in this place.
 D = Time resting spent in this place.
 E = Time spent auto-exploring this place.
 F = Levels seen in this place.
 G = Mean time per level.
                   A        B        C        D        E       F      G
               +--------+--------+--------+--------+--------+-----+--------+
         Total |   3210 |   3086 |    124 |    590 |   2031 |   4 |  802.5 |
       Dungeon |   3210 |   3086 |    124 |    590 |   2031 |   4 |  802.5 |
               +--------+--------+--------+--------+--------+-----+--------+

Top non-repeatable levels by time:
     D:1: 1310 daAuts
     D:2: 1217 daAuts
     D:3: 632 daAuts
     D:4: 48 daAuts
